 Dungeon Crawl Stone Soup version 0.23.2-33-g5129a83184 (webtiles) character file.

Game seed: 2647598244336254522

6115 Folque the Destroyer (level 10, -3/73 HPs)
             Began as a Demigod Conjurer on July 10, 2019.
             Slain by a centaur warrior
             ... wielding a +0 spear
              (6 damage)
             ... on level 9 of the Dungeon.
             The game lasted 00:39:21 (10670 turns).

Folque the Destroyer (Demigod Conjurer)            Turns: 10670, Time: 00:39:22

Health: -3/73      AC: 12    Str: 13    XL:     10   Next: 33%
Magic:  1/19       EV: 18    Int: 23    God:
Gold:   458        SH:  0    Dex: 21    Spells: 2/16 levels left

rFire    + . .     SeeInvis .   n - +0 halberd
rCold    . . .     Gourm    .   (shield currently unavailable)
rNeg     . . .     Faith    .   o - +2 ring mail {rF+}
rPois    .         Spirit   .   d - +0 helmet
rElec    .         Reflect  .   s - +0 cloak
rCorr    .         Harm     .   g - +0 pair of gloves
MR       +....                  (no boots)
Stlth    +++.......             (no amulet)
HPRegen  0.22/turn              (no ring)
MPRegen  0.16/turn              (no ring)

@: agile, about to teleport, marked
A: high mp 1
a: no special abilities


You were on level 9 of the Dungeon.
You were near starving.

You visited 2 branches of the dungeon, and saw 10 of its levels.

You collected 458 gold pieces.

Inventory:

Hand Weapons
 e - a +0 short sword
 n - a +0 halberd (weapon)
 I - a +3 scythe of venom
 J - a +0 rapier
 N - a +1 short sword of speed
Missiles
 C - 18 tomahawks (quivered)
Armour
 a - a +1 robe
 d - a +0 helmet (worn)
 g - a +0 pair of gloves (worn)
 o - a +2 ring mail of fire resistance (worn)
 s - a +0 cloak (worn)
 t - a +0 ring mail
 H - a +0 pair of boots
Jewellery
 f - an uncursed ring of ice {unknown}
 Q - an uncursed ring of flight {unknown}
Wands
 b - a wand of flame (24)
 q - a wand of scattershot (5)
 u - a wand of enslavement (9)
 y - a wand of polymorph (14)
 B - a wand of disintegration (9)
 E - a wand of acid (6)
 L - a wand of digging (2)
Scrolls
 h - 3 scrolls of fog
 j - 2 scrolls of amnesia
 k - a scroll of fear
 l - 2 scrolls of random uselessness
 r - a scroll of teleportation
 v - a scroll of blinking
 A - a scroll of magic mapping
 D - 2 scrolls of enchant weapon {unknown}
 F - 2 scrolls of noise {unknown}
 K - a scroll of remove curse {unknown}
 M - a scroll of silence {unknown}
 O - 2 scrolls of identify
Potions
 i - a potion of magic {unknown}
 m - 2 potions of might
 p - 2 potions of lignification
 w - a potion of ambrosia {unknown}
 x - a potion of flight {unknown}
 z - a potion of heal wounds {unknown}
 G - 2 potions of brilliance
Comestibles
 c - 11 rations


   Skills:
 + Level 2.3 Fighting
 - Level 6.4 Armour
 - Level 4.4 Dodging
 - Level 1.7 Stealth
 + Level 3.8 Spellcasting
 - Level 9.3 Conjurations
 - Level 7.2 Hexes
 * Level 2.9 Translocations


You had 2 spell levels left.
You knew the following spells:

 Your Spells              Type           Power        Failure   Level  Hunger
a - Magic Dart            Conj           ####         1%          1    None
b - Searing Ray           Conj           #####.       1%          2    #......
c - Dazzling Spray        Conj/Hex       #####.       1%          3    ###....
d - Fulminant Prism       Conj/Hex       #####.....   7%          4    ####...
e - Force Lance           Conj/Tloc      ####....     16%         4    ####...

Your spell library contained the following spells:

 Spells                   Type           Power        Failure   Level  Hunger
 Confusing Touch          Hex            #####.       1%          1    None
 Apportation              Tloc           ###...       6%          1    None
 Animate Skeleton         Necr           N/A          21%         1    None
 Summon Small Mammal      Summ           #...         21%         1    None
 Iskenderun's Mystic Bla  Conj           #####...     4%          4    ####...


Dungeon Overview and Level Annotations

Branches:
Dungeon (9/15)             Temple (1/1) D:7            Lair (0/6) D:8
    Orc: D:9-12

Shops:
D:4 }   D:6 ?

Annotations:
D:9 Harold


Innate Abilities, Weirdness & Mutations

You have an increased reservoir of magic. (+10% MP)


Message History

Harold is severely wounded.
You rip the net and break free!
Harold closely misses you.
A centaur warrior comes into view. It is wielding a +0 spear.
Okay, then.
As you read the scroll of teleportation, it crumbles to dust.
You feel strangely unstable.
The centaur warrior hits you from afar with a +0 spear!
Harold hits you with a cursed -3 war axe!
You puncture Harold!
Harold is almost dead.
The centaur warrior hits you from afar with a +0 spear! x2
* * * LOW HITPOINT WARNING * * *
Harold hits you with a cursed -3 war axe!
* * * LOW HITPOINT WARNING * * *
Unknown command.
It was a potion of agility.
You feel agile all of a sudden. The centaur warrior misses you.
Harold barely misses you.
The centaur warrior hits you from afar with a +0 spear.
You die...

####### #.....#
##########.....###
#.c.............≈.
#.######.......... #@#
#.#.....### #@# #(#######
#.........# #.#
#.#.###.#.# #.# ###...#
#.#.# ##.#######
.>...###.#.###........###
#...#...................
#...#.#.#.#.#..#####.###
#...#.#.#..###.#####.###


You could see Harold and a centaur warrior.

Vanquished Creatures
  A hornet (D:8)
  A hippogriff (D:8)
  Grinder (D:3)
  Sigmund (D:6)
  A vampire mosquito (D:9)
  Menkaure (D:5)
  Duvessa (D:6)
  2 orc warriors (D:8)
  An ice beast (D:9)
  5 sky beasts
  A black bear (D:8)
  A phantom (D:4)
  15 ogres
  2 centaurs
  3 bullfrogs
  2 scorpions
  Dowan (D:6)
  5 killer bees (D:9)
  An electric eel (D:6)
  5 howler monkeys
  A quasit (D:8)
  2 crimson imps
  4 bullfrog zombies
  6 jellies
  4 orc wizards
  8 hounds
  Crazy Yiuf (D:6)
  3 orc priests
  2 bullfrog skeletons
  6 iguanas
  9 worker ants
  A killer bee zombie (D:5)
  3 hound zombies
  5 hound skeletons
  2 howler monkey zombies
  4 worker ant zombies
  7 gnolls
  A howler monkey skeleton (D:6)
  14 adders
  2 river rats (D:5)
  A shadow imp (D:5)
  An adder skeleton (D:6)
  An adder zombie (D:6)
  5 worms
  A dart slug (D:2)
  7 leopard geckos
  33 orcs
  7 giant cockroaches
  12 goblins
  10 hobgoblins
  7 jackals
  4 kobolds
  4 quokkas
  2 ball pythons (D:1)
  11 bats
  5 frilled lizards
  A quokka skeleton (D:6)
  12 rats
  A butterfly (D:7)
  A fulminant prism (D:6)
  3 fungi (D:8)
  2 plants (D:8)
267 creatures vanquished.

Vanquished Creatures (others)
  56 fulminant prisms
  8 fungi (D:8)
  A plant (D:8)
65 creatures vanquished.

Grand Total: 332 creatures vanquished

Notes
Turn   | Place    | Note
-------+----------+-------------------------------------------
     0 | D:1      | Folque the Demigod Conjurer began the quest for the Orb.
     0 | D:1      | Reached XP level 1. HP: 14/14 MP: 5/5
   119 | D:1      | Reached XP level 2. HP: 17/22 MP: 5/7
   176 | D:1      | Reached skill level 4 in Conjurations
   206 | D:1      | Learned a level 2 spell: Searing Ray
   464 | D:1      | Reached skill level 1 in Fighting
   599 | D:1      | Reached XP level 3. HP: 17/28 MP: 6/8
   604 | D:1      | Learned a level 3 spell: Dazzling Spray
  1374 | D:2      | Reached XP level 4. HP: 35/35 MP: 11/11
  2030 | D:3      | Noticed Grinder
  2072 | D:3      | Killed Grinder
  2072 | D:3      | Reached skill level 5 in Conjurations
  2072 | D:3      | Reached XP level 5. HP: 40/40 MP: 0/12
  2072 | D:3      | Reached XP level 6. HP: 47/47 MP: 0/14
  2078 | D:3      | Learned a level 4 spell: Fulminant Prism
  2639 | D:3      | Reached skill level 1 in Armour
  2859 | D:4      | Reached XP level 7. HP: 52/52 MP: 3/15
  3266 | D:4      | Reached skill level 6 in Conjurations
  3736 | D:4      | Found Qevuniff's Gadget Emporium.
  3767 | D:5      | Entered Level 5 of the Dungeon
  3807 | D:5      | Reached skill level 5 in Hexes
  3953 | D:5      | Reached XP level 8. HP: 50/59 MP: 10/16
  4597 | D:5      | Noticed Menkaure
  4601 | D:5      | Killed Menkaure
  4601 | D:5      | Reached skill level 7 in Conjurations
  5096 | D:6      | Noticed Dowan
  5325 | D:6      | Noticed Duvessa
  5337 | D:6      | Killed Dowan
  5337 | D:6      | Reached XP level 9. HP: 63/64 MP: 4/17
  5467 | D:6      | Killed Duvessa
  5467 | D:6      | Reached skill level 5 in Armour
  5730 | D:6      | Noticed Sigmund
  5989 | D:6      | Found an iron altar of Okawaru.
  6163 | D:6      | Reached skill level 8 in Conjurations
  6243 | D:6      | Found Mueschi's Magic Scroll Shoppe.
  6294 | D:6      | Killed Sigmund
  6373 | D:6      | Found a runed translucent door.
  6374 | D:6      | Noticed Crazy Yiuf
  6380 | D:6      | Killed Crazy Yiuf
  6497 | D:6      | Found an iron altar of Okawaru.
  7438 | D:7      | Found a staircase to the Ecumenical Temple.
  7453 | Temple   | Entered the Ecumenical Temple
  8459 | D:8      | Reached skill level 9 in Conjurations
  8475 | D:8      | Found a staircase to the Lair.
  9109 | D:8      | Paralysed by a hornet for 2 turns
  9109 | D:8      | Reached XP level 10. HP: 59/71 MP: 6/18
  9509 | D:8      | Learned a level 4 spell: Force Lance
  9683 | D:9      | Reached skill level 1 in Translocations
 10655 | D:9      | Noticed Harold
 10667 | D:9      | Noticed a centaur warrior
 10669 | D:9      | HP: 3/73 [Harold/cursed -3 war axe (13)]
 10670 | D:9      | Slain by a centaur warrior

Skill      XL: |  1  2  3  4  5  6  7  8  9 10 |
---------------+-------------------------------+-----
Spellcasting   | 2 3 |  3.8
Conjurations   | 4 5 6 7 9 |  9.3
Fighting       | 1 2 |  2.3
Dodging        | 2 4 |  4.4
Hexes          | 2 3 5 6 7 |  7.2
Armour         | 1 3 4 6 |  6.4
Translocations | 2 |  2.9
Stealth        | |  1.7

Action                   |  1- 3 |  4- 6 |  7- 9 | 10-12 || total
-------------------------+-------+-------+-------+-------++-------
Melee: Short sword       |    97 |       |       |       ||    97
       Unarmed           |     5 |       |       |       ||     5
       Halberd           |       |    89 |   148 |    43 ||   280
 Cast: Magic Dart        |    19 |    18 |    49 |    25 ||   111
       Searing Ray       |     5 |    14 |    56 |    13 ||    88
       Dazzling Spray    |     3 |     6 |    25 |     4 ||    38
       Fulminant Prism   |       |     3 |    39 |    15 ||    57
       Force Lance       |       |       |       |     7 ||     7
Evoke: Wand              |       |       |       |     1 ||     1
  Use: Potion            |     4 |       |     1 |     2 ||     7
       Scroll            |       |     5 |     9 |     1 ||    15
 Stab: Sleeping          |     7 |     3 |     1 |       ||    11
  Eat: Chunk             |     2 |     6 |    22 |     6 ||    36
       Ration            |       |       |     2 |     1 ||     3
Armor: Robe              |    27 |    30 |    11 |       ||    68
       Ring mail         |       |       |    82 |    34 ||   116
       Skin              |       |       |       |     7 ||     7
Dodge: Dodged            |    94 |    71 |   189 |    63 ||   417
